 Dungeon Crawl Stone Soup version 0.30-a0-718-geaa24f58ff (webtiles) character file.

Game seed: 952742709204840658

101021 mistaj the Cleaver (level 16, 0/83 (93) HPs)
             Began as a Vine Stalker Fighter on Jan 25, 2023.
             Was an Initiate of Gozag.
             Slain by a fenstrider witch
             ... wielding a staff of poison
              (3 damage)
             ... on level 1 of the Swamp.
             The game lasted 01:04:25 (22966 turns).

mistaj the Cleaver (Vine Stalker Fighter)          Turns: 22966, Time: 01:04:26

HP:   0/83 (93)     AC: 31    Str: 23    XL:     16   Next: 29%
MP:   0/25          EV:  7    Int: 15    God:    Gozag
Gold: 6763          SH: 14    Dex: 19    Spells: 25/25 levels left

rFire   + + .      SeeInvis .    x - +4 broad axe (heavy)
rCold   + + +      Faith    .    e - +2 shield of Resistance {rF++ rC++ Will++}
rNeg    . . .      Spirit   +    G - +6 chain mail {Will+}
rPois   .          Reflect  .    P - +2 helmet {Int+3}
rElec   +          Harm     .    b - +2 cloak of Autumn {rElec Will+ Dex+3}
rCorr   +          Rampage  .    k - +0 pair of gloves
Will    +++++                    B - +2 pair of boots Stlth
                                 f - amulet of regeneration
HPRegen 1.93/turn                I - +4 ring of slaying
MPRegen 0.19/turn                Q - ring "Nauroen" {Wiz rElec rC+ rCorr Int+2}

@: lethally poisoned (0 -> -2), studying Earth Magic, heavily drained
A: fangs 3, regeneration 1, magic shield, antimagic bite, no potion heal 2
a: Renounce Religion, Potion Petition, Call Merchant, Bribe Branch


You were on level 1 of the Swamp.
You worshipped Gozag.
Gozag was greatly pleased with you.
You visited 4 branches of the dungeon, and saw 23 of its levels.
You also visited: Ice Cave.

You collected 7953 gold pieces.
You spent 1140 gold pieces at shops.
You paid 50 gold pieces to Gozag.

Inventory:

Hand Weapons
 a - a +0 broad axe of draining
 x - a +4 heavy broad axe (weapon)
 R - a +3 scimitar of flaming
Missiles
 n - 23 boomerangs (quivered)
 L - 39 poisoned darts
 O - a throwing net
Armour
 b - the +2 cloak of Autumn (worn) {rElec Will+ Dex+3}
   (You found it on level 4 of the Lair of Beasts)

   Dex:       It affects your dexterity (+3).
   rElec:     It insulates you from electricity.
   Will:      It increases your willpower.
 e - the +2 shield of Resistance (worn) {rF++ rC++ Will++}
   (You acquired it on level 6 of the Dungeon)

   rF:        It greatly protects you from fire.
   rC:        It greatly protects you from cold.
   Will:      It greatly increases your willpower.
 k - a +0 pair of gloves (worn)
 B - a +2 pair of boots (worn)
 G - a +6 chain mail of willpower (worn)
 P - a +2 helmet of intelligence (worn)
Jewellery
 f - an amulet of regeneration (around neck)
 l - a ring of flight
 H - a +4 ring of protection
 I - a +4 ring of slaying (left hand)
 Q - the ring "Nauroen" (right hand) {Wiz rElec rC+ rCorr Int+2}
   (You found it on level 4 of the Lair of Beasts)

   [ring of wizardry]

   It improves your spell success rate.
   Int:       It affects your intelligence (+2).
   rC:        It protects you from cold.
   rElec:     It insulates you from electricity.
   rCorr:     It protects you from acid and corrosion.
 S - the amulet of Vaeweud {RegenMP rElec rC+ Dex+2}
   (You bought it in a shop on level 2 of the Orcish Mines)

   [amulet of magic regeneration]

   It increases your rate of magic regeneration.
   Dex:       It affects your dexterity (+2).
   rC:        It protects you from cold.
   rElec:     It insulates you from electricity.
 T - a ring of protection from fire
Wands
 c - a wand of acid (15)
 o - a wand of paralysis (14)
 u - a wand of iceblast (38)
 A - a wand of flame (27)
 J - a wand of digging (13)
Scrolls
 h - a scroll of fog
 j - 2 scrolls of teleportation
 m - 3 scrolls of fear
 q - 4 scrolls of blinking
 y - 3 scrolls of poison
 F - 2 scrolls of silence
 M - a scroll of amnesia
Potions
 d - 6 potions of might
 g - 5 potions of magic
 i - 5 potions of haste
 p - 5 potions of brilliance
 r - a potion of cancellation
 s - 9 potions of curing
 t - 3 potions of resistance
 v - 2 potions of invisibility
 z - 5 potions of flight
 C - 6 potions of mutation
 D - 4 potions of ambrosia
 E - 5 potions of lignification
 K - 3 potions of attraction
 N - a potion of berserk rage


   Skills:
 - Level 14.0 Fighting
 + Level 14.6 Axes
 + Level 13.6 Armour
 - Level 9.4 Shields
 + Level 5.3 Spellcasting


You had 25 spell levels left.
You didn't know any spells.
Your spell library contained the following spells:

 Spells                   Type           Power      Damage    Failure   Level
 Beastly Appendage        Tmut           8%         N/A       52%         1
 Freeze                   Ice            16%        1d4       52%         1
 Magic Dart               Conj           16%        1d3       52%         1
 Sandblast                Erth           8%         2d5       52%         1
 Slow                     Hex            16%        N/A       52%         1
 Blink                    Tloc           8%         N/A       67%         2
 Cigotuvi's Dreadful Rot  Necr/Pois/Air  8%         N/A       67%         2
 Lesser Beckoning         Tloc           8%         N/A       67%         2
 Momentum Strike          Conj/Tloc      8%         3d8       67%         2
 Passwall                 Tmut/Erth      3%         N/A       67%         2
 Poisonous Vapours        Pois/Air       8%         N/A       67%         2
 Searing Ray              Conj           8%         2d4       67%         2
 Static Discharge         Conj/Air       8%         2-3/arc   67%         2
 Sublimation of Blood     Necr           4%         N/A       67%         2
 Wereblood                Tmut           4%         N/A       67%         2
 Confusing Touch          Hex            4%         N/A       87%         3
 Dazzling Flash           Conj/Hex       8%         N/A       87%         3
 Frozen Ramparts          Ice            8%         1d2       87%         3
 Hailstorm                Conj/Ice       4%         3d4       87%         3
 Ignite Poison            Fire/Tmut/Pois 4%         N/A       87%         3
 Kindle Blastsparks       Fire/Tloc/Air  8%         2d10      87%         3
 Mephitic Cloud           Conj/Pois/Air  4%         N/A       87%         3
 Spider Form              Tmut/Pois      4%         N/A       87%         3
 Stone Arrow              Conj/Erth      8%         3d7       87%         3
 Vampiric Draining        Necr           4%         2d6       87%         3
 Vhi's Electric Charge    Tloc/Air       8%         N/A       87%         3
 Anguish                  Hex/Necr       2%         N/A       99%         4
 Fulminant Prism          Conj/Hex       2%         3d5       99%         4
 Iskenderun's Mystic Bla  Conj/Tloc      4%         2d3       99%         4
 Arcjolt                  Conj/Air       2%         1d12      100%        5
 Fireball                 Conj/Fire      2%         3d4       100%        5
 Freezing Cloud           Conj/Ice/Air   2%         6-21      100%        5
 Iskenderun's Battlesphe  Conj           4%         2d6       100%        5
 Lightning Bolt           Conj/Air       2%         1d13      100%        5
 Conjure Ball Lightning   Conj/Air       2%         3x3d6     100%        6
 Starburst                Conj/Fire      2%         6d3       100%        6
 Enfeeble                 Hex            2%         N/A       100%        7
 Haunt                    Necr/Summ      2%         N/A       100%        7
 Orb of Destruction       Conj           2%         9d5       100%        7
 Summon Hydra             Summ           2%         N/A       100%        7
 Infestation              Necr           2%         N/A       100%        8
 Animate Dead             Necr           Unusable   N/A       N/A         4

Dungeon Overview and Level Annotations

Branches:
Dungeon (15/15) Temple (0/1) D:4 Lair (5/5) D:10 Swamp (1/4) Lair:3 Snake (0/4) Lair:3 Slime (0/5) Lair:5 Orc (2/2) D:9 Elf (0/3) Orc:2 Vaults (0/5) D:12 D:13 Depths (0/4) D:15 IceCv (visited)

Altars:
Ashenzari
Elyvilon
Fedhas
Gozag
Makhleb
Sif Muna
Trog
Uskayaw
Vehumet
Wu Jian
Xom
The Shining One

Shops:
D:1 [   D:4 [   Orc:1 (   Orc:2 *?(=

Annotations:
D:15 Roxanne


Innate Abilities, Weirdness & Mutations

You have razor-sharp teeth.
Your natural rate of healing is unusually fast.
When hurt, damage is shared between your health and your magic reserves.
Your bite disrupts and absorbs the magic of your enemies.
Potions cannot restore your health.


Message History

You fester in the toxic bog!
You are poisoned.
You feel very sick.
You fester in the toxic bog!
You are more poisoned.
You feel extremely sick.
You feel very sick.
You block the fenstrider witch's attack. x2
You barely miss the fenstrider witch. Your bite misses the fenstrider witch.
You feel extremely sick.
The fenstrider witch hits you but does no damage.
The fenstrider witch envenoms you!!
* * * LOW HITPOINT WARNING * * *
You are more poisoned.
You block the fenstrider witch's attack.
You are too injured to fight recklessly!
You are too injured to fight recklessly!
You slice the fenstrider witch!! Your bite misses the fenstrider witch.
The fenstrider witch is moderately wounded.
You feel very sick.
The fenstrider witch hits you but does no damage.
The fenstrider witch envenoms you!!
* * * LOW HITPOINT WARNING * * *
You are more poisoned.
The fenstrider witch kicks you but does no damage.
You block the fenstrider witch's attack.
The fenstrider witch kicks you but does no damage.
You hit the fenstrider witch. You bite the fenstrider witch!
The fenstrider witch's magic leaks into the air.
You drain its magic.
You feel invigorated.
The fenstrider witch is severely wounded.
You feel very sick.
The fenstrider witch hits you but does no damage.
The fenstrider witch envenoms you!!
* * * LOW HITPOINT WARNING * * *
You are more poisoned.
The fenstrider witch barely misses you.
The fenstrider witch hits you but does no damage.
The fenstrider witch envenoms you!
You die...
Your body crumbles into a pile of gold.

~~~~~~~~~~~...
♣♣♣♣)~~~~~~~~~... ♣
♣~♣♣.~~~~~~~~#.. ~.
♣♣..♣~.~~~..~..♣♣.~~
♣♣~~.~.~~~~.~~~~~...~
♣~.~~♣.~~~~~~~~.~~...
♣♣...♣...~~§......~..
♣♣~.H.............♣
♣..@.~~..~~♣♣.....♣
♣♣.§.....§♣♣♣ ~~~..~♣
♣~.[♣♣♣♣♣♣♣ ~~~..♣♣
♣...♣ ~!~~.♣ ♣~~.♣
~.~~~~~ ♣<..♣ ...~~..
♣♣♣♣♣ ...$~.~


You could see a fenstrider witch (magic disrupted).

Vanquished Creatures
  Mlioglotl (Lair:3)
  Jorgrun (Orc:2)
  Frances (D:13)
  An orc warlord (Orc:2)
  A juggernaut skeleton (D:15)
  Azrael (D:13)
  Nessos (D:13)
  A dire elephant (Lair:5)
  Snorg (D:9)
  An ettin (Orc:2)
  A quicksilver dragon skeleton (D:15)
  2 ogre magi (Orc:2)
  Erolcha (Orc:1)
  10 centaur warriors
  A ghost crab (Lair:3)
  Erica (D:8)
  A catoblepas (Lair:5)
  3 boulder beetles
  6 hydras
  8 death yaks
  11 two-headed ogres
  An alligator (Lair:3)
  A vampire mage (D:15)
  A deep troll shaman (Lair:5)
  A tengu warrior (D:15)
  Urug (Lair:5)
  Nergalle (Orc:1)
  A titan skeleton (D:15)
  A fire crab (Lair:4)
  7 skeletal warriors
  2 deep trolls (Orc:2)
  A bog body (Lair:3)
  4 deep elf pyromancers
  Pikel (D:8)
  3 orc knights
  A necromancer (D:15)
  2 orc sorcerers (Orc:2)
  6 ugly things
  An oklob plant (Lair:4)
  8 manticores
  12 cyclopes
  4 elephants (Lair:5)
  3 black mambas
  Joseph (D:8)
  8 cane toads
  2 unseen horrors
  A kobold demonologist (D:14)
  3 rime drakes
  2 yaktaurs
  2 tengu conjurers (D:15)
  4 komodo dragons
  A hornet (Lair:4)
  The ghost of Grapefruit the Chopper, an amateur HOFi (D:5)
  13 trolls
  A polar bear (Lair:3)
  10 blink frogs
  13 slime creatures
  Sigmund (D:2)
  A centaur simulacrum (D:13)
  2 shadows
  A yak (shapeshifter) (D:15)
  2 vampires
  4 wraiths
  36 yaks
  A human (shapeshifter) (D:12)
  A wyvern (D:9)
  A basilisk (Lair:1)
  2 fire elementals (D:13)
  16 humans (D:12)
  18 vampire mosquitoes
  2 steam dragons
  4 swamp worms (Swamp:1)
  Menkaure (D:5)
  3 nagas (Lair:3)
  A glowing shapeshifter zombie (D:15)
  4 wargs
  3 acid dragons
  3 hell hounds (D:13)
  9 water moccasins
  11 black bears
  A swamp drake (Swamp:1)
  15 orc warriors
  A black bear (shapeshifter) (D:11)
  7 ice beasts
  15 wolves
  22 ogres
  11 centaurs
  A boggart (D:11)
  3 kobold brigands
  13 bullfrogs
  A gnoll sergeant (D:9)
  A necrophage (D:6)
  4 scorpions
  10 wights
  2 elephant simulacra (IceCv)
  6 killer bees
  3 howler monkeys
  3 jellies
  8 orc priests
  3 hounds
  2 iguanas
  17 orc wizards
  2 hell rats (Lair:1)
  A polar bear simulacrum (Lair:2)
  2 wolf simulacra (IceCv)
  14 gnolls
  4 adders
  7 river rats (Lair:1)
  2 shadow imps
  2 white imps
  2 ufetubi
  A worm (D:4)
  3 dart slugs
  57 orcs
  5 ball pythons
  5 bats
  5 endoplasms
  2 giant cockroaches
  7 goblins
  12 hobgoblins
  13 jackals
  9 quokkas
  15 kobolds
  6 rats
  5 briar patches (Lair:4)
637 creatures vanquished.

Vanquished Creatures (others)
  A spriggan druid (Swamp:1)
  A will-o-the-wisp (Swamp:1)
  2 bloated husks (Swamp:1)
  2 orc wizards
  A briar patch (Lair:4)
  A bush (Lair:2)
  12 foxfires (Swamp:1)
  21 fungi
  27 plants
  5 withered plants (D:15)
73 creatures vanquished.

Grand Total: 710 creatures vanquished

Notes
Turn   | Place    | Note
-------+----------+-------------------------------------------
     0 | D:1      | mistaj the Vine Stalker Fighter began the quest for the
                  | Orb.
     0 | D:1      | Reached XP level 1. HP: 11/11 MP: 2/2
   187 | D:1      | Reached XP level 2. HP: 16/16 MP: 3/3
   333 | D:1      | Found Enez's Antique Armour Shop.
   345 | D:1      | Reached XP level 3. HP: 20/20 MP: 4/4
   373 | D:1      | Found a faded altar of an unknown god.
   610 | D:2      | Noticed Sigmund
   820 | D:2      | Gained mutation: Your natural rate of healing is unusually
                  | fast. [Vine Stalker growth]
   820 | D:2      | Reached XP level 4. HP: 24/24 MP: 5/5
  1033 | D:2      | Killed Sigmund
  1034 | D:2      | Reached XP level 5. HP: 28/29 MP: 6/6
  1034 | D:2      | Reached XP level 6. HP: 32/33 MP: 7/7
  1383 | D:3      | Found an opulent altar of Gozag.
  1438 | D:3      | Became a worshipper of Gozag Ym Sagoz the Greedy
  1510 | D:3      | You fall into a shaft and drop 2 floors!
  1510 | D:5      | Entered Level 5 of the Dungeon
  1514 | D:5      | Noticed a water moccasin
  1522 | D:5      | Killed a water moccasin
  1664 | D:5      | Noticed a black bear
  1745 | D:5      | Reached XP level 7. HP: 37/37 MP: 8/8
  2361 | D:3      | Found a burning altar of Makhleb.
  2714 | D:4      | Found Vuol's Antique Armour Emporium.
  2743 | D:4      | Identified the +0 ring mail of the Sky {-Tele Str+3 Int+8
                  | Dex-5}
  2760 | D:4      | Gained mutation: You have razor-sharp teeth. [Vine Stalker
                  | growth]
  2760 | D:4      | Reached XP level 8. HP: 37/42 MP: 9/9
  2881 | D:1      | Bought a shiny chain mail for 180 gold pieces
  3002 | D:4      | Found a radiant altar of Vehumet.
  3110 | D:4      | Reached skill level 5 in Shields
  3110 | D:4      | Found a staircase to the Ecumenical Temple.
  3209 | D:5      | Noticed Menkaure
  3220 | D:5      | Killed Menkaure
  3221 | D:5      | Reached skill level 5 in Fighting
  3591 | D:5      | Found a transporter.
  3596 | D:5      | Found a transporter.
  3596 | D:5      | Noticed Grapefruit's ghost (amateur HOFi)
  3882 | D:6      | Identified a scroll of acquirement
  3882 | D:6      | Acquired the +2 shield of Resistance {rF++ rC++ Will++}
  3882 | D:6      | Found the +2 shield of Resistance {rF++ rC++ Will++}
  3932 | D:6      | Reached skill level 5 in Axes
  3939 | D:6      | Reached skill level 5 in Armour
  4022 | D:6      | Found a bloodstained altar of Trog.
  4186 | D:6      | Reached XP level 9. HP: 30/48 MP: 8/10
  4453 | D:6      | Found a white marble altar of Elyvilon.
  4454 | D:6      | Found a broken altar of Ashenzari.
  4454 | D:6      | Found a hide-covered altar of Uskayaw.
  4615 | D:6      | Found a glowing golden altar of the Shining One.
  5092 | D:7      | Noticed a cyclops
  5325 | D:7      | Found a shimmering blue altar of Sif Muna.
  5470 | D:7      | Killed a cyclops
  5624 | D:8      | Noticed a cyclops
  5766 | D:7      | Reached XP level 10. HP: 38/53 MP: 11/11
  5790 | D:8      | Killed a cyclops
  5899 | D:8      | Noticed a manticore
  5915 | D:8      | Killed a manticore
  5968 | D:8      | Noticed a centaur warrior
  5979 | D:8      | Killed a centaur warrior
  6072 | D:8      | Identified the +0 lajatang of Linearity {heavy, rC+ rCorr}
  6108 | D:8      | Noticed Pikel
  6111 | D:8      | Killed Pikel
  6204 | D:8      | Noticed Erica
  6219 | D:8      | Killed Erica
  6220 | D:8      | Reached XP level 11. HP: 43/60 MP: 9/12
  6443 | D:8      | Noticed Joseph
  6450 | D:8      | Killed Joseph
  6863 | D:9      | Found a blossoming altar of Fedhas.
  7317 | D:9      | Noticed a two-headed ogre
  7325 | D:9      | Killed a two-headed ogre
  7328 | D:9      | Noticed a skeletal warrior
  7341 | D:9      | Killed a skeletal warrior
  7561 | D:9      | Found a staircase to the Orcish Mines.
  8001 | D:10     | Entered Level 10 of the Dungeon
  8001 | D:10     | Found an ornate altar of the Wu Jian Council.
  8183 | D:10     | Found a staircase to the Lair.
  8199 | D:10     | Reached XP level 12. HP: 66/66 MP: 10/13
  8342 | Lair:1   | Entered Level 1 of the Lair of Beasts
  9127 | Lair:2   | Found a frozen archway.
  9232 | IceCv    | Entered an ice cave
 10114 | Lair:3   | Found a staircase to the Snake Pit.
 10286 | Lair:3   | Found a staircase to the Swamp.
 10516 | Lair:3   | Noticed a death yak
 10516 | Lair:3   | Noticed a death yak
 10516 | Lair:3   | Noticed a death yak
 10517 | Lair:3   | Noticed a death yak
 10536 | Lair:3   | Reached skill level 10 in Fighting
 10544 | Lair:2   | Killed a death yak
 10575 | Lair:2   | Killed a death yak
 10587 | Lair:3   | Killed a death yak
 10588 | Lair:3   | Reached skill level 10 in Axes
 11396 | Lair:4   | Reached XP level 13. HP: 65/72 MP: 14/14
 11713 | Lair:3   | Reached skill level 10 in Armour
 12202 | Lair:4   | Found a transporter.
 12225 | Lair:4   | Found a transporter.
 12606 | Lair:5   | Entered Level 5 of the Lair of Beasts
 12710 | Lair:5   | Noticed Urug
 12734 | Lair:5   | Killed Urug
 13539 | Lair:5   | Noticed a dire elephant
 13928 | Lair:5   | Killed a dire elephant
 14160 | Lair:5   | Found a runed translucent door.
 14211 | Lair:5   | Found a staircase to the Slime Pits.
 14670 | D:11     | Reached XP level 14. HP: 80/80 MP: 15/15
 14690 | D:10     | HP: 3/80 [six-headed hydra (4)]
 15424 | D:11     | Identified the +4 falchion of Pestilence {spect, *Rage
                  | Will+ Str+2 Dex+3}
 17142 | D:13     | Noticed Nessos
 17142 | D:13     | Found a gate to the Vaults.
 17378 | D:13     | Killed Nessos
 17529 | D:13     | Noticed Frances
 17681 | D:13     | Noticed Azrael
 17690 | D:13     | Killed Azrael
 17946 | D:13     | Found a shimmering altar of Xom.
 17946 | D:13     | Found a shimmering altar of Xom.
 17948 | D:13     | Found a shimmering altar of Xom.
 17948 | D:13     | Found a shimmering altar of Xom.
 18155 | D:13     | Killed Frances
 18156 | D:13     | Reached XP level 15. HP: 80/86 MP: 16/16
 18841 | D:15     | Entered Level 15 of the Dungeon
 18901 | D:15     | Noticed Roxanne
 19552 | D:15     | Found a staircase to the Depths.
 20039 | Orc:1    | Entered Level 1 of the Orcish Mines
 20043 | Orc:1    | Noticed Snorg
 20056 | D:9      | Killed Snorg
 20353 | Orc:1    | Noticed Erolcha
 20375 | Orc:1    | Noticed Nergalle
 20390 | Orc:1    | Killed Nergalle
 20391 | Orc:1    | Killed Erolcha
 20422 | Orc:1    | Reached skill level 1 in Spellcasting
 20674 | Orc:2    | Entered Level 2 of the Orcish Mines
 20887 | Orc:1    | Noticed an orc warlord
 20888 | Orc:1    | Noticed Jorgrun
 21080 | Orc:2    | Reached XP level 16. HP: 93/93 MP: 22/22
 21125 | Orc:2    | Found a staircase to the Elven Halls.
 21126 | Orc:2    | Found Heobuf's Weapon Shop.
 21160 | Orc:2    | Found Teskoutsai's General Store.
 21165 | Orc:2    | Found Itwiys's Jewellery Boutique.
 21166 | Orc:2    | Found Wuxkerch's Magic Scroll Shop.
 21168 | Orc:2    | Bought a scroll of brand weapon for 123 gold pieces
 21200 | Orc:2    | Bought a scroll of enchant weapon for 120 gold pieces
 21205 | Orc:2    | Bought the amulet of Vaeweud {RegenMP rElec rC+ Dex+2} for
                  | 717 gold pieces
 21651 | Orc:2    | Killed Jorgrun
 21758 | Orc:1    | Found Tumpacus's Weapon Boutique.
 21813 | Orc:1    | Found a shimmering blue altar of Sif Muna.
 22054 | D:5      | Killed Grapefruit's ghost
 22419 | Lair:4   | Identified the +2 cloak of Autumn {rElec Will+ Dex+3}
 22422 | Lair:4   | Identified the ring "Nauroen" {Wiz rElec rC+ rCorr Int+2}
 22672 | Swamp:1  | Entered Level 1 of the Swamp
 22724 | Swamp:1  | Noticed Mlioglotl
 22731 | Swamp:1  | Noticed a bone dragon
 22746 | Lair:3   | Killed Mlioglotl
 22784 | Lair:3   | Reached skill level 5 in Spellcasting
 22958 | Swamp:1  | Noticed a fenstrider witch
 22966 | Swamp:1  | HP: 3/83 [fenstrider witch/staff of poison (5)]
 22966 | Swamp:1  | Slain by a fenstrider witch

Illustrated notes

Levels and vault maps discovered:
D:1:      dpeg_arrival_fog, layout_rooms, serial_shops, shop,
          chequers_ecumenical_altar_island, minmay_strange_pillars
D:2:      layout_rooms, hangedman_decor_push, minivault_24, uniq_sigmund
D:3:      layout_loops_ring, amcnicky_altar_gilded, mainiacjoe_overflow_alcove_4
D:4:      layout_rooms, kennysheep_mini_moat, minmay_temple_entry_glassed_door,
          serial_shops, shop
D:5:      layout_loops_cross, gammafunk_ghost_hive, uniq_menkaure
D:6:      layout_basic, chequers_temple_overflow_statue_of_worship,
          overflow_temple_1_default, trog_ov_bears_minmay,
          hangedman_decor_peaks_small
D:7:      layout_rooms, mainiacjoe_overflow_alcove_1, dreamdust_gnoll_farm
D:8:      layout_gridville, minmay_diamond_spiral, uniq_erica, uniq_joseph,
          uniq_pikel
D:9:      layout_roguey, mainiacjoe_overflow_boulevard, david_orc_1_choice,
          minivault_16, minmay_fractal_squares_diagonal_5
D:10:     layout_big_octagon, lemuel_crystal_altar, hellmonk_lair_entry_icy,
          serial_column_ruins, column_ruins_grid_1, column_ruins_columns_corner,
          column_ruins_columns_straight, column_ruins_grid_1,
          column_ruins_open_small
D:11:     layout_grid_maze, kennysheep_another_room, minivault_28
D:12:     layout_long_grid, serial_rivers, chequers_serial_rivers_micro_a,
          chequers_serial_rivers_large_b, chequers_serial_rivers_micro_a,
          chequers_serial_rivers_micro_c, chequers_serial_rivers_micro_b,
          chequers_serial_rivers_micro_d, nicolae_elevator_lobby_asterisk
D:13:     layout_long_grid, david_vaults_3, xom_shifter_show, uniq_frances,
          uniq_azrael, uniq_nessos
D:14:     layout_small_grid
D:15:     gammafunk_depths_entry_grave, layout_long_grid, roderic_lattice_a,
          item_on_display_a, uniq_roxanne
Lair:1:   layout_long_grid, kennysheep_rathole, infiniplex_staircase_pool_2,
          lemuel_fruit_tree
Lair:2:   layout_small_grid, portal_ice_cave_entry_ice_simulacra
Lair:3:   layout_concentric_octagons, minmay_swamp_entry_worms,
          minmay_snake_entry_guardpost_small
Lair:4:   gammafunk_worm_tunnel, layout_cave_pods, minmay_lair_oklob_items
Lair:5:   grunt_lair_end_beastmaster, layout_loops_ring, slime_entry_2,
          uniq_urug
Swamp:1:  layout_basic_swamp, evilmike_swamp_ruin_house_6,
          cheibrodos_swamp_witchery, uniq_mlioglotl
Orc:1:    layout_caves, serial_shops, shop, led_sif_book, uniq_jorgrun,
          uniq_erolcha, uniq_nergalle, uniq_snorg
Orc:2:    st_orc_open, layout_caves

Skill      XL: |  1  2  3  4  5  6  7  8  9 10 11 12 13 14 15 16 |
---------------+-------------------------------------------------+-----
Axes           | 2 3 4 5 6 7 8 10 11 13 14 | 14.6
Shields        | 3 4 5 6 8 9 |  9.4
Fighting       | 3 4 5 6 8 9 10 12 13 14 | 14.0
Armour         | 3 4 5 6 7 8 9 11 12 13 | 13.6
Spellcasting   | 3 5 |  5.3

Action                     |  1- 3 |  4- 6 |  7- 9 | 10-12 | 13-15 | 16-18 || total
---------------------------+-------+-------+-------+-------+-------+-------++-------
  Melee: War axe           |    89 |    82 |   294 |       |       |       ||   465
         Bite              |    15 |    17 |   101 |   134 |   246 |    41 ||   554
         Broad axe         |       |       |    20 |   398 |   708 |    80 ||  1206
         Scimitar          |       |       |       |       |    15 |    40 ||    55
  Throw: Boomerang         |       |       |       |     3 |       |       ||     3
    Use: Scroll            |       |       |    10 |    17 |    16 |     2 ||    45
   Stab: Distracted        |       |       |     3 |     2 |       |       ||     5
 Armour: Scale mail        |    50 |    41 |    68 |       |       |       ||   159
         Chain mail        |       |       |   226 |   333 |   786 |   211 ||  1556
  Dodge: Dodged            |    55 |    22 |   162 |   127 |   287 |    68 ||   721
  Block: Buckler           |    28 |    18 |    40 |       |       |       ||    86
         Kite shield       |       |       |   171 |   361 |   758 |   166 ||  1456

Table legend: (Time is in decaauts)
 A = Elapsed time spent in this place.
 B = Non-inter-level travel time spent in this place.
 C = Inter-level travel time spent in this place.
 D = Time resting spent in this place.
 E = Time spent auto-exploring this place.
 F = Levels seen in this place.
 G = Mean time per level.
                   A        B        C        D        E       F      G
               +--------+--------+--------+--------+--------+-----+--------+
         Total |  24014 |  22122 |   1892 |   3640 |   9784 |  24 | 1000.6 |
       Dungeon |  14932 |  13686 |   1246 |   1727 |   6531 |  15 |  995.5 |
          Lair |   7068 |   6543 |    525 |   1589 |   2801 |   5 | 1413.6 |
         Swamp |    159 |    159 |      0 |      7 |      0 |   1 |  159.0 |
  Orcish Mines |   1815 |   1694 |    121 |    311 |    452 |   2 |  907.5 |
      Ice Cave |     38 |     38 |      0 |      6 |      0 |   1 |   38.0 |
               +--------+--------+--------+--------+--------+-----+--------+

Top non-repeatable levels by time:
  Lair:5: 1750 daAuts
  Lair:3: 1633 daAuts
     D:9: 1572 daAuts
    D:12: 1541 daAuts
  Lair:4: 1490 daAuts
  Lair:2: 1239 daAuts
     D:6: 1179 daAuts
     D:8: 1176 daAuts
     D:5: 1163 daAuts
    D:15: 1105 daAuts
   Orc:2: 1039 daAuts
    D:11: 960 daAuts
  Lair:1: 953 daAuts
    D:13: 928 daAuts
     D:7: 839 daAuts
